 Dungeon Crawl Stone Soup version 0.18.1-1-g2f07953 (webtiles) character file.

173 Eucla the Cudgeler (level 5, -3/34 HPs)
             Began as a Gargoyle Fighter on May 9, 2016.
             Slain by Eucla's ghost (8 damage)
             ... while paralysed by Grinder
             ... on level 4 of the Dungeon.
             The game lasted 00:03:09 (2658 turns).

Eucla the Cudgeler (Gargoyle Fighter)               Turns: 2658, Time: 00:03:09

Health: -3/34      AC: 16    Str: 24    XL:     5   Next: 53%
Magic:  5/5        EV:  2    Int:  9    God:
Gold:   176        SH:  0    Dex: 10    Spells: 0 memorised, 4 levels left

rFire  . . .     SeeInvis .     a - +0 flail
rCold  . . .     Gourm    .     e - +0 plate armour
rNeg   + . .     Faith    .     c - +0 shield
rPois  ∞         Spirit   .     (no helmet)
rElec  +         Dismiss  .     (no cloak)
rCorr  .         Reflect  .     o - +0 pair of gloves
SustAt .         Harm     .     (no boots)
MR     .....                    (no amulet)
Stlth  ..........               (no ring)
                                g - ring of flight

@: paralysed, mighty, not resistant to hostile enchantments, extremely
unstealthy
A: negative energy resistance 1, electricity resistance, unbreathing,
petrification resistance, rot immunity, AC +4
a: Evoke Flight


You were on level 4 of the Dungeon.
You were not hungry.

You visited 1 branch of the dungeon, and saw 4 of its levels.

You collected 176 gold pieces.

Inventory:

Hand Weapons
 a - a +0 flail (weapon)
Armour
 b - a +0 scale mail
 c - a +0 shield (worn)
 e - a +0 plate armour (worn)
 o - a +0 pair of gloves (worn)
Jewellery
 g - a ring of flight (left hand)
 n - an uncursed ring of ice
 t - an uncursed amulet of guardian spirit {unknown}
Scrolls
 h - a scroll of fear {unknown}
 k - 3 scrolls of enchant armour {unknown}
 l - a scroll of random uselessness {unknown}
 p - 2 scrolls of recharging {unknown}
 r - a scroll of remove curse {unknown}
Potions
 d - a potion of might
 i - 3 potions of heal wounds {unknown}
 j - 2 potions of brilliance {unknown}
 q - a potion of cure mutation {unknown}
 s - a potion of degeneration {unknown}
Comestibles
 f - 2 bread rations
 m - 2 meat rations


   Skills:
 + Level 4.5 Fighting
 * Level 4.7 Maces & Flails
 - Level 3.2 Armour
 - Level 3.2 Shields


You had 4 spell levels left.
You didn't know any spells.

Dungeon Overview and Level Annotations

Branches:
Dungeon (4/15)
 Temple: D:4-7

Altars:
Pakellas
Qazlal
Ru
Trog
Xom
The Shining One

Annotations:
D:4 Eucla's ghost, amateur MiFi; Grinder


Innate Abilities, Weirdness & Mutations

You are resistant to torment.
Your stone body is resilient (AC +4).
You are immune to poison.
You resist negative energy.
You are resistant to electric shocks.
You can survive without breathing.
You are immune to petrification.
You are immune to rotting.


Message History

Your shield and plate armour prevent you from hitting Eucla's ghost.
Eucla's ghost is moderately damaged.
You block Eucla's ghost's attack.
You closely miss Eucla's ghost.
Eucla's ghost is moderately damaged.
You block Eucla's ghost's attack.
You are too injured to fight recklessly!
Unknown command.
You closely miss Eucla's ghost.
Eucla's ghost is moderately damaged.
You block Eucla's ghost's attack.
Unknown command.
Drink which item? (? for menu, Esc to quit)
Okay, then.
Unknown command.
Grinder says, "Just stop there for a second..."
Grinder gestures at you.
You suddenly lose the ability to move!
Eucla's ghost hits you!
You die...

#.# ### +.. ... . #.# #.#
##. # #.# #5.... .o
#.###.#.##.#
#.###.########..5s.....
###............Z.###.#.##.##
#.......###.†.@W..o†........
#...........####..##.#.##.##
#...........# #..##.# #
#...........# #..###.
#.......###.####..# ..
#................# ...
#......###.####..# #...
#...#### #.# #..# ....
#.<..#####.# ....


You could see Grinder, Eucla's ghost, an orc, a giant cockroach and a hound
skeleton.

Vanquished Creatures
  A howler monkey (D:4)
  6 adders
  An ooze (D:3)
  An adder skeleton (D:4)
  A worm (D:2)
  2 dart slugs
  A giant gecko (D:1)
  A ball python (D:2)
  9 bats
  6 giant cockroaches
  6 goblins
  10 hobgoblins
  2 jackals (D:3)
  2 quokkas (D:2)
  4 giant newts
  4 kobolds
  6 rats
63 creatures vanquished.

Notes
Turn   | Place    | Note
--------------------------------------------------------------
     0 | D:1      | Eucla the Gargoyle Fighter began the quest for the Orb.
     0 | D:1      | Reached XP level 1. HP: 14/14 MP: 1/1
   160 | D:1      | Reached XP level 2. HP: 16/19 MP: 2/2
   578 | D:1      | Reached XP level 3. HP: 19/24 MP: 3/3
  1172 | D:2      | Found an oddly glowing altar of Pakellas.
  1343 | D:2      | Found a stormy altar of Qazlal.
  1444 | D:2      | Reached XP level 4. HP: 27/29 MP: 4/4
  1462 | D:2      | Found a glowing golden altar of the Shining One.
  1932 | D:3      | Found a shimmering altar of Xom.
  1935 | D:3      | Found a bloodstained altar of Trog.
  1938 | D:3      | Found a sacrificial altar of Ru.
  2554 | D:3      | Reached XP level 5. HP: 34/34 MP: 5/5
  2629 | D:4      | Noticed Eucla's ghost (amateur MiFi)
  2634 | D:4      | Noticed Grinder
  2657 | D:4      | Paralysed by Grinder for 5 turns
  2658 | D:4      | Slain by Eucla's ghost

Skill      XL: |  1  2  3  4 |
---------------+-------------+-----
Maces & Flails | 3 4 |  4.7
Fighting       | 4 |  4.5
Armour         | |  3.2
Shields        | |  3.2

Action                   |  1- 3 |  4- 6 || total
-------------------------+-------+-------++-------
Melee: Flail             |   199 |   142 ||   341
  Use: Potion            |       |     1 ||     1
  Eat: Chunk             |     2 |     1 ||     3
       Beef jerky        |       |     2 ||     2
Armor: Scale mail        |    34 |       ||    34
       Plate armour      |   127 |   112 ||   239
Dodge: Dodged            |    39 |    20 ||    59
Block: Shield            |   146 |    79 ||   225
